[Event "*** Titled Tuesday Blitz"]
[Site "Chess.com"]
[Date "2020.03.03"]
[Round "1"]
[White "parmupill123"]
[Black "Alexander_Moskalenko"]
[Result "0-1"]
[WhiteElo "2447"]
[BlackElo "2826"]
[TimeControl "180+1"]
[EndTime "9:06:02 PST"]
[Termination "Alexander_Moskalenko won on time"]

1. e4 c5 2. Nc3 d6 3. g3 g6 4. Bg2 Bg7 5. d3 Nc6 6. Be3 Rb8 7. Qd2 b5 8. Nge2 b4 9. Nd1 a5 10. O-O Nd4 11. Nc1 h5 12. c3 Nb5 13. Ne2 h4 14. d4 hxg3 15. hxg3 bxc3 16. bxc3 cxd4 17.
cxd4 Nf6 18. Rb1 Bh3 19. a4 Nxd4 20. Rxb8 Nxe2+ 21. Qxe2 Qxb8 22. Nc3 Bxg2 23. Kxg2 Qc8 24. Qb5+ Kf8 25. f3 Qh3+ 26. Kf2 Qh2+ 27. Ke1 Qxg3+ 28. Bf2 Qxf3 29. Bd4 Rh1 30. Qb8+ Ne8 0-1

[Event "*** Titled Tuesday Blitz"]
[Site "Chess.com"]
[Date "2020.03.03"]
[Round "1"]
[White "Zq1"]
[Black "Alexander_Zubov"]
[Result "1-0"]
[WhiteElo "2538"]
[BlackElo "2902"]
[TimeControl "180+1"]
[EndTime "9:06:06 PST"]
[Termination "Zq1 won by resignation"]

1. d4 Nf6 2. c4 g6 3. Nc3 d5 4. Nf3 Bg7 5. cxd5 Nxd5 6. Bd2 O-O 7.
Rc1 Nb6 8. Bg5 h6 9. Bf4 Nc6 10. e3 Be6 11. Bb5 Nd5 12. Nxd5 Bxd5 13. O-O a6 14. Bc4 e6 15. a3 Qe7 16. Bxd5 exd5 17. Rc5 g5 18. Bg3 f5 19. Rxd5 f4 20. exf4 gxf4 21.
Bh4 Qf7 22. Rc5 Rae8 23. Qc2 Nxd4 24. Nxd4 Bxd4 25. Rxc7 Qf5 26. Qc4+ 1-0

[Event "*** Titled Tuesday Blitz"]
[Site "Chess.com"]
[Date "2020.03.03"]
[Round "1"]
[White "Yeritsyan_Aram"]
[Black "SantoBlue"]
[Result "0-1"]
[WhiteElo "2390"]
[BlackElo "2747"]
[TimeControl "180+1"]
[EndTime "9:06:06 PST"]
[Termination "SantoBlue won by resignation"]

1. e4 d6 2. d4 Nf6 3. Nc3 e5 4. Nf3 Nbd7 5. Bc4 Be7 6. O-O O-O 7. a4 h6 8. Ba2 c6 9. Re1 Re8 10. h3 Bf8 11. Be3 exd4 12. Bxd4 Nc5 13. Bxc5 dxc5 14. Qxd8 Rxd8 15. Ne5 Be6 16. Bxe6 fxe6 17. Rad1 g5 18. Kf1 Bg7 19. Nf3 Kf8 20. Ke2 Ke7 21. Rxd8 Rxd8 22. Rd1 Nd7 23. g3 Rf8 24. Rd3 c4 25. Re3 Ne5 26.
Nxe5 Bxe5 27. Rf3 Rxf3 28. Kxf3 Bxc3 29. bxc3 a5 30. Ke3 b5 31. Kd4 bxa4 32. Kxc4 e5 33. f3 Ke8 34. h4 gxh4 35. gxh4 Ke7 0-1

[Event "*** Titled Tuesday Blitz"]
[Site "Chess.com"]
[Date "2020.03.03"]
[Round "1"]
[White "lestri"]
[Black "Msb2"]
[Result "0-1"]
[WhiteElo "2491"]
[BlackElo "2875"]
[TimeControl "180+1"]
[EndTime "9:06:09 PST"]
[Termination "Msb2 won by resignation"]

1. c4 e5 2. Nc3 Bb4 3. Qc2 c5 4. Nd5 Ba5 5. a3 Nc6 6. Rb1 Nge7 7. b4 cxb4 8. axb4 Nxd5 9. bxa5 Nf6 10. Nf3 Qxa5 11.
Rb5 Qc7 12. Bb2 d6 13. c5 d5 14. e3 O-O 15. Be2 Bg4 16. h3 Bh5 17. g4 Bg6 18. Qb3 Rab8 19. g5 a6 20. gxf6 axb5 21. fxg7 Rfd8 22. Bxb5 d4 23. Rg1 b6 24. Bxc6 bxc5 25.
Bb5 c4 26. Qa4 c3 27. dxc3 dxc3 28. Bc1 Qd6 29. Be2 Rb1 0-1

[Event "*** Titled Tuesday Blitz"]
[Site "Chess.com"]
[Date "2020.03.03"]
[Round "1"]
[White "GM_dmitrij"]
[Black "ChesterF"]
[Result "1-0"]
[WhiteElo "2815"]
[BlackElo "2441"]
[TimeControl "180+1"]
[EndTime "9:06:11 PST"]
[Termination "GM_dmitrij won on time"]

1. e4 c5 2. Nf3 d6 3. d4 cxd4 4. Nxd4 Nf6 5. Nc3 a6 6. g3 e5 7. Nb3 Be6 8. Bg2 Nbd7 9. O-O Be7 10. a4 O-O 11. Re1 Qc7 12. Nd2 Rfd8 13. Nf1 Nb6 14. a5 Nc4 15. Nd5 Bxd5 16. exd5 Nxa5 17. b3 b5 18. f4 exf4 19. Rxa5 Qxa5 20. Rxe7 fxg3 21.
Nxg3 Re8 22. Nf5 Rxe7 23. Nxe7+ Kf8 24. Nc6 Qb6+ 25. Qd4 Qxd4+ 26. Nxd4 g6 27. Ba3 Ke7 28. c4 bxc4 29. bxc4 Rc8 30. Nc6+ Kf8 31. Bxd6+ Kg7 32. Be5 1-0

[Event "*** Titled Tuesday Blitz"]
[Site "Chess.com"]
[Date "2020.03.03"]
[Round "1"]
[White "Blitzstream"]
[Black "jmduque"]
[Result "1-0"]
[WhiteElo "2784"]
[BlackElo "2432"]
[TimeControl "180+1"]
[EndTime "9:06:18 PST"]
[Termination "Blitzstream won by resignation"]

1. d4 Nf6 2. Bg5 d5 3. e3 Nbd7 4.
Nf3 c6 5. c3 g6 6. Nbd2 Bg7 7. Bd3 O-O 8. O-O Re8 9. Bh4 e5 10.
dxe5 Nxe5 11. Nxe5 Rxe5 12. e4 Bg4 13. Bxf6 Bxd1 14.
Bxd8 Rxd8 15. Raxd1 dxe4 16. Nxe4 Rxd3 17. Rxd3 Rxe4 18.
Rfd1 Bh6 19. Kf1 Ra4 20. a3 Rh4 21. h3 Rh5 22. Re1 Rb5 23. Re2 a5 24. Rd8+ Kg7 25.
Rd7 Bg5 26. g3 a4 27. h4 Bf6 28. Ke1 h6 29. Kd1 g5 30. hxg5 hxg5 31. Kc2 Kg6 32. Re4 Rf5 33. f4 b5 34. Rd6 c5 35. Rb6 g4 36. Rxb5 Rh5 37. Rb6 Rh2+ 38. Kb1 Rg2 39.
Re3 Kf5 40. Rc6 Rf2 41. Rxc5+ Kg6 42. Rd5 Rf3 43. Rxf3 gxf3 44. Rd3 Kf5 45. Rxf3 Ke4 46. Rf1 Bd8 47. g4 Bc7 48. f5 Bf4 49. Kc2 Bg5 50.
c4 Kd4 51. b3 Kc5 52. Rd1 Be7 53. Rd5+ Kc6 54. b4 Bg5 55. Ra5 1-0

[Event "*** Titled Tuesday Blitz"]
[Site "Chess.com"]
[Date "2020.03.03"]
[Round "1"]
[White "Astaneh"]
[Black "Parhamov"]
[Result "0-1"]
[WhiteElo "2545"]
[BlackElo "3059"]
[TimeControl "180+1"]
[EndTime "9:06:24 PST"]
[Termination "Parhamov won on time"]

1. d4 Nf6 2. c4 e6 3. Nf3 d5 4. g3 Be7 5. Bg2 O-O 6. O-O Nbd7 7.
Qe1 b6 8. Nc3 Bb7 9. Bf4 a6 10.
Nd2 c5 11. dxc5 Nxc5 12. Rd1 Qc8 13. cxd5 exd5 14. Nf3 Rd8 15. Nd4 Nfe4 16. Rc1 Qd7 17. Be3 Bf6 18. Qd1 Rac8 19. h4 g6 20. Kh2 Qe7 21. Bh3 Rc7 22. Bf4 Be5 23. e3 Bxf4 24. exf4 Qf6 25. Nf3 Nxc3 26. Rxc3 d4 27. Rc1 Bxf3 28.
Qxf3 a5 29. Rfd1 Rc6 30. b3 Rcd6 31. a3 d3 32. b4 axb4 33. axb4 Na4 34. Bg2 Qd4 35.
b5 Nc3 36. Rd2 Nxb5 37. Bf1 Qb4 38. Rxd3 Nd4 39. Qe4 Qb2 40. Qe3 Nf5 41. Rxd6 Nxe3 42. Rxd8+ Kg7 0-1

[Event "*** Titled Tuesday Blitz"]
[Site "Chess.com"]
[Date "2020.03.03"]
[Round "1"]
[White "Gabix_94"]
[Black "cottage_cheese"]
[Result "1-0"]
[WhiteElo "2676"]
[BlackElo "2285"]
[TimeControl "180+1"]
[EndTime "9:06:27 PST"]
[Termination "Gabix_94 won by checkmate"]

1. d4 d5 2. Nf3 Nf6 3. c4 dxc4 4. Nc3 a6 5. e4 b5 6. e5 Nd5 7. a4 Nxc3 8. bxc3 Bb7 9. e6 f6 10. Be2 g6 11. O-O Bg7 12. Re1 O-O 13. Ba3 Re8 14. Bf1 Qd5 15. Rb1 Nc6 16. Nd2 Nd8 17. Qg4 Bc8 18. Qe2 Nxe6 19. g3 Bb7 20. Qxe6+ Qxe6 21.
Rxe6 Kf7 22. Rbe1 Bd5 23. Rxe7+ Rxe7 24. Rxe7+ Kg8 25. Rxc7 Re8 26. Bg2 Re1+ 27. Nf1 Bxg2 28. Kxg2 Ra1 29. Bb4 Rxa4 30. Ra7 f5 31. Bc5 Ra2 32.
Ne3 a5 33. Nd5 h6 34. Ne7+ Kh7 35. d5 Bxc3 36. Nxf5+ Kh8 37. Nxh6 Bg7 38. Nf7+ Kh7 39. Ng5+ Kh6 40. Ne6 Bf6 41. Bf8+ Kh5 42. Kh3 g5 43. g4+ Kg6 44. Bc5 c3 45. Nf8+ Kh6 46. Rh7# 1-0

[Event "*** Titled Tuesday Blitz"]
[Site "Chess.com"]
[Date "2020.03.03"]
[Round "1"]
[White "JakeCarlosBanawa"]
[Black "MrTattaglia"]
[Result "0-1"]
[WhiteElo "2432"]
[BlackElo "2813"]
[TimeControl "180+1"]
[EndTime "9:06:28 PST"]
[Termination "MrTattaglia won on time"]

1. d4 Nf6 2. c4 e6 3. Nc3 d5 4. cxd5 exd5 5. Bg5 Nbd7 6. e3 c6 7. Bd3 Be7 8. Qc2 h6 9. Bh4 Nh5 10. Bxe7 Qxe7 11. Nge2 Nb6 12. h3 Be6 13. g4 Nf6 14.
O-O-O O-O-O 15. Kb1 Kb8 16. Ng3 g6 17. Na4 Nxa4 18.
Qxa4 Nd7 19. Rc1 Nb6 20. Qc2 h5 21. gxh5 gxh5 22. h4 Rdg8 23. Be2 Bg4 24. b3 Ka8 25. Bxg4 Rxg4 26. Qf5 Nc8 27. Nxh5 Rxh4 28. Rxh4 Qxh4 29. Ng3 Nd6 30. Qe5 Qd8 31. Rh1 Rxh1+ 32. Nxh1 Ne4 33.
f3 Nd2+ 34. Kc2 Nxf3 35. Qf5 Ng5 36. Ng3 a6 37. Nh5 Qe7 38. Kd3 Ne4 39. Nf4 Ka7 40. Qc8 Qb4 41. Ke2 Qd2+ 42. Kf3 Qf2+ 0-1

[Event "*** Titled Tuesday Blitz"]
[Site "Chess.com"]
[Date "2020.03.03"]
[Round "1"]
[White "AniJak"]
[Black "Ginger_GM"]
[Result "0-1"]
[WhiteElo "2119"]
[BlackElo "2587"]
[TimeControl "180+1"]
[EndTime "9:06:28 PST"]
[Termination "Ginger_GM won by checkmate"]

1. e4 d6 2. d4 Nf6 3. Nc3 Nbd7 4.
g3 e5 5. Nge2 b5 6. a3 c6 7. Bg2 Be7 8. O-O Rb8 9. h3 h5 10. Be3 a5 11. f4 b4 12. axb4 axb4 13. Na4 Bb7 14. Qd2 O-O 15. Bf3 Re8 16. c3 Bf8 17. cxb4 exf4 18. Nxf4 Nxe4 19. Bxe4 Rxe4 20. Nxh5 Qe7 21. Bf4 Re2 22. Qd1 c5 23. Rf2 Rxf2 24. Kxf2 cxd4 25. Qxd4 Re8 26. Nc3 Ne5 27. Ra7 Nd3+ 28. Qxd3 Qe1# 0-1

[Event "*** Titled Tuesday Blitz"]
[Site "Chess.com"]
[Date "2020.03.03"]
[Round "1"]
[White "Manukyan_Artak"]
[Black "Gordima"]
[Result "1-0"]
[WhiteElo "2423"]
[BlackElo "2750"]
[TimeControl "180+1"]
[EndTime "9:06:31 PST"]
[Termination "Manukyan_Artak won by resignation"]

1. e4 e5 2. Nf3 Nc6 3. d4 exd4 4. Nxd4 Nf6 5. Nxc6 bxc6 6. e5 Qe7 7. Qe2 Nd5 8. c4 Nb6 9. b3 g6 10. g3 Bg7 11.
Bb2 a5 12. Bg2 a4 13. O-O O-O 14. Nd2 d5 15. Rfe1 Be6 16. cxd5 cxd5 17. Nf3 c5 18. h4 h6 19. h5 g5 20. Nh2 Qd7 21. Bf3 Rae8 22.
Ng4 d4 23. Nf6+ Bxf6 24. exf6 axb3 25. axb3 Bxb3 26. Qa6 Bd5 27. Re7 Rxe7 28. fxe7 Ra8 29. Qxb6 Bxf3 30. Rxa8+ 1-0

[Event "*** Titled Tuesday Blitz"]
[Site "Chess.com"]
[Date "2020.03.03"]
[Round "1"]
[White "ethylalcohol"]
[Black "riconaipe"]
[Result "1-0"]
[WhiteElo "2148"]
[BlackElo "2575"]
[TimeControl "180+1"]
[EndTime "9:06:33 PST"]
[Termination "ethylalcohol won by resignation"]

1. d4 e6 2. Nf3 b6 3. Bf4 Bb7 4. Nbd2 f5 5. e3 Nf6 6. Bd3 Be7 7.
Qe2 d5 8. h3 O-O 9. O-O-O c5 10. c3 Ne4 11. Kb1 a5 12. g4 Nd7 13. Rdg1 c4 14.
Bc2 b5 15. gxf5 exf5 16. Ne5 Nxe5 17. Bxe5 Bf6 18. Nf3 Kh8 19. h4 b4 20. Ng5 Bxe5 21.
Bxe4 fxe4 22. Qh5 h6 23. Qg6 hxg5 24. hxg5+ Kg8 25. Qh5 Rxf2 26. g6 Kf8 27. Qxe5 Kg8 28. Qe6+ 1-0

[Event "*** Titled Tuesday Blitz"]
[Site "Chess.com"]
[Date "2020.03.03"]
[Round "1"]
[White "DonBroca"]
[Black "Chigorinetz"]
[Result "0-1"]
[WhiteElo "2058"]
[BlackElo "2578"]
[TimeControl "180+1"]
[EndTime "9:06:33 PST"]
[Termination "Chigorinetz won by resignation"]

1. e4 c5 2. Nf3 Nc6 3. d4 cxd4 4.
Nxd4 g6 5. c4 Bg7 6. Be3 Nf6 7.
Nc3 Ng4 8. Qxg4 Nxd4 9. Qd1 Ne6 10. g3 Qa5 11. Qd2 b6 12. Bg2 Ba6 13. O-O Rc8 14. Rfd1 d6 15. Nd5 Qxd2 16. Rxd2 Bxc4 17. Rc1 Kd7 18. b3 Bxd5 19. Rxc8 Rxc8 20. exd5 Rc1+ 21.
Bf1 Nc5 22. Re2 Ra1 23. Bg5 Bf6 24. Bxf6 exf6 25. Kg2 Rd1 26. Kf3 Rxd5 27. Bh3+ f5 28.
g4 fxg4+ 29. Kxg4 Re5 30. Rd2 Ke7 31. f4 h5+ 32. Kf3 Re1 33. b4 Ne6 34. Rc2 Nd4+ 0-1

[Event "*** Titled Tuesday Blitz"]
[Site "Chess.com"]
[Date "2020.03.03"]
[Round "1"]
[White "earling8018"]
[Black "Sashadav97"]
[Result "0-1"]
[WhiteElo "2011"]
[BlackElo "2567"]
[TimeControl "180+1"]
[EndTime "9:06:36 PST"]
[Termination "Sashadav97 won on time"]

1. d4 Nf6 2. c4 e6 3. Nf3 b6 4. g3 Bb7 5. Bg2 Be7 6. O-O O-O 7. Nc3 Ne4 8. Bd2 d6 9. Qc2 Nxd2 10. Qxd2 Nd7 11. Rac1 Bf6 12. e4 e5 13. d5 a5 14.
Ne1 g6 15. Nd3 Bg7 16. b3 Bc8 17. a3 Nc5 18. Nxc5 bxc5 19. Nb5 f5 20. b4 axb4 21. axb4 cxb4 22. Qxb4 Bd7 23. Ra1 Rb8 24. Ra7 f4 25. Qa5 f3 26. Bh1 c6 27. Qxd8 Rbxd8 28. Nxd6 cxd5 29.
cxd5 Bh3 30. Nb7 Rd7 31. Rb1 g5 32. Ra6 Rb8 33. Rab6 g4 0-1

[Event "*** Titled Tuesday Blitz"]
[Site "Chess.com"]
[Date "2020.03.03"]
[Round "1"]
[White "VitaliyBernadskiy"]
[Black "juniortay"]
[Result "0-1"]
[WhiteElo "2782"]
[BlackElo "2464"]
[TimeControl "180+1"]
[EndTime "9:06:38 PST"]
[Termination "juniortay won on time"]

1. e4 e5 2. Nf3 Nf6 3. Nxe5 Nc6 4. Nxc6 dxc6 5. Nc3 Bc5 6. Be2 Qd4 7. O-O h5 8.
d3 Ng4 9. Bxg4 hxg4 10. Bf4 Be6 11. Ne2 Qd7 12. d4 Bd6 13. c3 O-O-O 14. Qd2 Bxf4 15. Qxf4 Rh6 16. Rfe1 Rdh8 17. a3 g5 18. Qg3 f6 19.
Nc1 Qh7 20. f4 Rxh2 21. f5 Bc4 22. b3 Rh1+ 23. Kf2 Rxe1 24. Kxe1 Qh1+ 25. Kf2 Qf1+ 26.
Ke3 Ba6 27. Qf2 Qd1 28. Qd2 Qg1+ 29. Qf2 Qd1 30. Qd2 Rh1 31. Qxd1 Rxd1 32. b4 Bc4 33. e5 Kd7 34. e6+ Ke7 35. g3 a6 36.
a4 Rg1 0-1

[Event "*** Titled Tuesday Blitz"]
[Site "Chess.com"]
[Date "2020.03.03"]
[Round "1"]
[White "Saloni1299"]
[Black "albi1999"]
[Result "0-1"]
[WhiteElo "2040"]
[BlackElo "2575"]
[TimeControl "180+1"]
[EndTime "9:06:41 PST"]
[Termination "albi1999 won by resignation"]

1. e4 c5 2. Nf3 Nc6 3. d4 cxd4 4. Nxd4 Nf6 5. Nc3 e5 6. Ndb5 d6 7. Bg5 a6 8. Na3 b5 9. Nd5 Be7 10. Bxf6 Bxf6 11. c4 b4 12. Nc2 O-O 13. g3 a5 14.
b3 Bg5 15. h4 Bh6 16. Bh3 Be6 17.
Kf1 Ra7 18. Kg2 g6 19. Qd3 f5 20. Rad1 Kg7 21. Qe2 Raf7 22. Rhf1 Qd7 23. f4 exf4 24. Nxf4 Bxf4 25. Rxf4 fxe4 26. Bxe6 Qxe6 27. Rxf7+ Rxf7 28. Ne3 Ne5 29. Nd5 Qg4 30. Qxg4 Nxg4 31. Rf1 Rxf1 32. Kxf1 Kf7 33. Ke2 Ke6 34. Ne3 Nxe3 35. Kxe3 Ke5 36. g4 h5 37. g5 d5 38. c5 d4+ 39. Kd2 Kd5 40. c6 Kxc6 0-1

[Event "*** Titled Tuesday Blitz"]
[Site "Chess.com"]
[Date "2020.03.03"]
[Round "1"]
[White "Philosopherrr"]
[Black "INDIAN-ELEPHANT"]
[Result "0-1"]
[WhiteElo "2382"]
[BlackElo "2734"]
[TimeControl "180+1"]
[EndTime "9:06:42 PST"]
[Termination "INDIAN-ELEPHANT won by resignation"]

1. e4 e5 2. Nf3 Nc6 3. Bb5 a6 4. Ba4 Nf6 5. O-O b5 6. Bb3 Bc5 7. c3 d6 8. d4 Bb6 9. h3 h6 10. Re1 O-O 11. Be3 Re8 12. Nbd2 Bd7 13. dxe5 Bxe3 14.
Rxe3 Nxe5 15. Nxe5 Rxe5 16. Nf3 Re8 17. e5 dxe5 18. Nxe5 Be6 19. Qf3 Bd5 20. Qf5 Bxb3 21. axb3 Qd5 22. b4 c5 23. bxc5 Qxc5 24. Rae1 Re6 25.
Qf4 Rae8 26. Nd3 Rxe3 27. Rxe3 Qd5 28. Rxe8+ Nxe8 29. Nb4 Qd1+ 30. Kh2 Qe2 31. Nxa6 Qxb2 32. Qb8 Qe2 33. f4 Kh7 34. Qe5 Qxe5 35. fxe5 Kg6 36.
g4 f5 37. Kg3 fxg4 38. hxg4 Kf7 39. Kf4 Ke6 40. Ke4 g6 41. Nc5+ Ke7 42. Nb3 Nc7 43. Nd4 Kf7 44. e6+ Kf6 45. Kf4 Nxe6+ 46. Nxe6 Kxe6 47.
Ke4 Kd6 48. Kd4 h5 49. gxh5 gxh5 50. c4 b4 51. c5+ 0-1

[Event "*** Titled Tuesday Blitz"]
[Site "Chess.com"]
[Date "2020.03.03"]
[Round "1"]
[White "MarcoRiehle"]
[Black "NemtsevIgor"]
[Result "1-0"]
[WhiteElo "2724"]
[BlackElo "2364"]
[TimeControl "180+1"]
[EndTime "9:06:42 PST"]
[Termination "MarcoRiehle won by resignation"]

1. e4 c6 2. c4 d5 3. exd5 cxd5 4.
cxd5 a6 5. Nc3 Nf6 6. Nf3 Nxd5 7. Bc4 Nf6 8. O-O e6 9. d4 Be7 10. d5 exd5 11. Nxd5 Nxd5 12. Bxd5 O-O 13. Bf4 Bf6 14.
Be5 Nc6 15. Bxf6 Qxf6 16. Bxc6 Qxc6 17. Rc1 Qf6 18. Qd4 Qxd4 19. Nxd4 Rd8 20. Nb3 Be6 21.
Rc7 Bxb3 22. axb3 Rd2 23. Rxb7 Rxb2 24. g3 g6 25. Re1 a5 26. Ree7 Rf8 27. h4 h5 28. Rb5 Rc8 29. Rbb7 Rf8 30. Re4 Ra2 31.
Ra4 Rxa4 32. bxa4 Rc8 33. Rb5 Rc1+ 34. Kg2 Ra1 35. Rxa5 Kg7 36. Ra7 Ra2 37. a5 Ra3 38. a6 Ra2 39. Kf3 Ra3+ 40. Ke4 Ra2 41. Kd5 Rxf2 42.
Rb7 Ra2 43. a7 Kf6 44. Kc4 Kf5 45. Kb3 Ra1 46. Rxf7+ Kg4 47. Rf4+ Kxg3 48. Ra4 Rxa4 49. Kxa4 Kxh4 50. a8=Q g5 51. Qh1+ Kg4 52. Kb3 h4 53. Kc2 Kg3 54. Qg1+ Kh3 55. Qxg5 1-0

[Event "*** Titled Tuesday Blitz"]
[Site "Chess.com"]
[Date "2020.03.03"]
[Round "1"]
[White "GameOverBro"]
[Black "Ariadna_Atreides"]
[Result "1-0"]
[WhiteElo "2586"]
[BlackElo "2118"]
[TimeControl "180+1"]
[EndTime "9:06:43 PST"]
[Termination "GameOverBro won on time"]

1. e4 c5 2. Ne2 Nc6 3. Nbc3 d6 4. g3 Nf6 5. Bg2 g6 6. d4 cxd4 7. Nxd4 Nxd4 8. Qxd4 Bg7 9. O-O O-O 10. a4 a6 11. a5 Rb8 12. Qb4 Bd7 13. Be3 Bc6 14. Rfd1 Qc8 15. h3 Nd7 16. Rd2 h6 17. Rad1 Kh7 18.
Kh2 f5 19. Qb3 Bxc3 20. bxc3 Bxe4 21. Bxe4 fxe4 22. Qe6 Qe8 23. Qxe4 Nc5 24. Qh4 h5 25. g4 Ne4 26. Rd5 Nf6 27. gxh5 gxh5 28. Rg5 Rg8 29. Rdg1 Qf7 30. Qf4 Rxg5 31. Qxg5 Ng8 32. Qg2 1-0

[Event "*** Titled Tuesday Blitz"]
[Site "Chess.com"]
[Date "2020.03.03"]
[Round "1"]
[White "Alopekos"]
[Black "obliviate12"]
[Result "0-1"]
[WhiteElo "2476"]
[BlackElo "2851"]
[TimeControl "180+1"]
[EndTime "9:06:47 PST"]
[Termination "obliviate12 won on time"]

1. d4 Nf6 2. Nf3 d5 3. e3 e6 4. Bd3 c5 5. c4 Nc6 6. O-O cxd4 7. exd4 dxc4 8. Bxc4 Be7 9. Nc3 O-O 10. Be3 Nb4 11.
Ne5 a6 12. f4 b5 13. Bb3 Nbd5 14. Nxd5 Nxd5 15. Bd2 Bb7 16. f5 Qb6 17. Bc3 b4 18. Bxd5 Bxd5 19. Nd7 Qb7 20. Nxf8 bxc3 21. Nxh7 cxb2 22.
Rb1 Kxh7 23. Qh5+ Kg8 24. f6 Bxf6 25. Qg4 Kf8 26. Rxf6 gxf6 27. Qf4 Ke7 28. Rf1 b1=Q 29. Qxf6+ Ke8 30. Qh8+ Kd7 31. Qxa8 Qxf1+ 32. Kxf1 Qxa8 33. Kf2 Qc6 0-1

[Event "*** Titled Tuesday Blitz"]
[Site "Chess.com"]
[Date "2020.03.03"]
[Round "1"]
[White "GodDMuhammad"]
[Black "Grandelicious"]
[Result "1-0"]
[WhiteElo "2355"]
[BlackElo "2677"]
[TimeControl "180+1"]
[EndTime "9:06:47 PST"]
[Termination "GodDMuhammad won on time"]

1. f4 g6 2. Nf3 Bg7 3. g3 d5 4.
Bg2 c6 5. d3 Nh6 6. c3 O-O 7. Qc2 Nd7 8. e4 dxe4 9. dxe4 Nc5 10. O-O Qd3 11. Ne1 Qxc2 12. Nxc2 e5 13. Be3 Nd3 14. b3 Ng4 15. f5 Rd8 16. Nba3 Bf8 17. Nc4 b5 18. h3 Nxe3 19. N4xe3 a5 20. Rad1 b4 21. c4 a4 22. Rd2 axb3 23. axb3 Rd4 24. Nxd4 exd4 25. Ng4 Nc5 26. Rxd4 Nxb3 27. Rd8 Bb7 28.
Rxa8 Bxa8 29. Rd1 Bc5+ 30. Kh2 Nd4 31. Nf6+ Kg7 32. Nd7 Ba7 33. c5 b3 34. Rxd4 1-0

[Event "*** Titled Tuesday Blitz"]
[Site "Chess.com"]
[Date "2020.03.03"]
[Round "1"]
[White "ZEN-22"]
[Black "RitvarsReimanis"]
[Result "0-1"]
[WhiteElo "2206"]
[BlackElo "2619"]
[TimeControl "180+1"]
[EndTime "9:06:47 PST"]
[Termination "RitvarsReimanis won by checkmate"]

1. e4 c5 2. d4 cxd4 3. c3 Nf6 4.
e5 Nd5 5. Qxd4 e6 6. c4 Nc6 7. Qe4 f5 8. Qe2 Nde7 9. Nc3 Ng6 10. f4 Bc5 11. Nf3 O-O 12. Be3 Bxe3 13. Qxe3 Qb6 14. Qxb6 axb6 15. g3 Nb4 16. Kd2 d6 17. exd6 Rd8 18.
Nb5 Bd7 19. Nc7 Rxa2 20. Rxa2 Nxa2 21. Be2 Bc6 22. c5 bxc5 23. Bc4 Bxf3 24. Rf1 Rxd6+ 25.
Ke3 Bd5 26. Nxd5 exd5 27. Bxa2 Kf7 28. b4 b6 29. bxc5 bxc5 30. Rb1 Ne7 31. Rb7 Kf6 32.
Rc7 Ra6 33. Bb1 Ra3+ 34. Kd2 c4 35. Rb7 g6 36. Rb6+ Kf7 37. Bc2 d4 38. Rd6 d3 39. Bd1 Ra2+ 40. Kc3 Rxh2 41. Kxc4 d2 42. Kc3 Rg2 43. Bb3+ Kg7 44. Rd3 Kh6 45. Bd1 Ng8 46. Rd6 Kg7 47. Rd7+ Kh6 48. Rd3 Nf6 49. g4 fxg4 50. Kd4 g3 51. Ke5 Nh5 52. f5 gxf5 53. Kxf5 Rf2+ 54. Kg4 g2 55. Rd6+ Nf6+ 56. Kh3 g1=Q 57.
Rd4 Rh2# 0-1

[Event "*** Titled Tuesday Blitz"]
[Site "Chess.com"]
[Date "2020.03.03"]
[Round "1"]
[White "gena217"]
[Black "talman67"]
[Result "1-0"]
[WhiteElo "3009"]
[BlackElo "2536"]
[TimeControl "180+1"]
[EndTime "9:06:48 PST"]
[Termination "gena217 won on time"]

1. e4 e5 2. Nf3 Nc6 3. Bb5 a6 4. Ba4 Nf6 5. O-O Nxe4 6. d4 b5 7. Bb3 d5 8. dxe5 Be6 9. Qe2 Nc5 10. Rd1 Nxb3 11. axb3 Be7 12. c4 b4 13. Nbd2 O-O 14. Nf1 Qd7 15. Be3 h6 16. h3 Rfd8 17. Ng3 Qc8 18. Qc2 dxc4 19. bxc4 a5 20. Qe4 Qa6 21. Rd5 a4 22. Rb5 a3 23. bxa3 bxa3 24. Nf5 Bf8 25. Qg4 g6 26. N3h4 Kh7 27. Qf4 gxf5 28.
Nxf5 Qa4 29. Bc5 Qxc4 30. Qe3 Qxb5 31. Bxf8 1-0

[Event "*** Titled Tuesday Blitz"]
[Site "Chess.com"]
[Date "2020.03.03"]
[Round "1"]
[White "bangchess21"]
[Black "DonPreuss"]
[Result "1-0"]
[WhiteElo "2602"]
[BlackElo "2193"]
[TimeControl "180+1"]
[EndTime "9:06:52 PST"]
[Termination "bangchess21 won by resignation"]

1. e4 e5 2. Nf3 d5 3. d4 dxe4 4. Nxe5 Bd6 5. Bc4 Bxe5 6. Qh5 Qe7 7. Qxe5 Qxe5 8. dxe5 Nc6 9. Nc3 Nxe5 10. Bb3 f5 11. Nb5 Kd7 12. Nxc7 Kxc7 13. Bf4 Kc6 14. Bxe5 Nf6 15.
O-O-O Re8 16. Bf4 Nh5 17. Bf7 Nxf4 18. Bxe8+ Kc7 19. g3 Nh3 20. Rd2 Be6 21. Bb5 Ng5 22. Be2 a5 23. h4 Nf7 24. Rhd1 Ne5 25. a4 Nf7 26. b3 g6 27. Kb2 h6 28. f3 e3 29. Rd3 f4 30. gxf4 Bf5 31. Rxe3 Nd6 32. Rc3+ Kd7 33. Bb5+ Ke7 34. Re3+ 1-0

[Event "*** Titled Tuesday Blitz"]
[Site "Chess.com"]
[Date "2020.03.03"]
[Round "1"]
[White "ZWISCHENZUGGED"]
[Black "DiamondCrusher22"]
[Result "1-0"]
[WhiteElo "2570"]
[BlackElo "2038"]
[TimeControl "180+1"]
[EndTime "9:06:52 PST"]
[Termination "ZWISCHENZUGGED won on time"]

1. d4 d5 2. c4 c6 3. Nf3 Nf6 4. Nc3 dxc4 5. a4 e6 6. e3 c5 7. Bxc4 Nc6 8. O-O Be7 9. dxc5 Qxd1 10. Rxd1 Bxc5 11. Bd2 O-O 12. Be1 a6 13. a5 b6 14.
Na4 Rb8 15. Nxc5 bxc5 16. Rd6 Nb4 17. b3 Ne4 18. Rdd1 Nc2 19. Rac1 Nxe1 20. Rxe1 Bb7 21. Red1 Rfd8 22. Kf1 Rxd1+ 23. Rxd1 Nc3 24. Rd3 Nb5 25.
Rd7 Kf8 26. Ne5 Ke8 27. Rxf7 Nd6 28. Rxg7 Nxc4 29. bxc4 1-0

[Event "*** Titled Tuesday Blitz"]
[Site "Chess.com"]
[Date "2020.03.03"]
[Round "1"]
[White "Witik"]
[Black "inegrepus"]
[Result "1-0"]
[WhiteElo "2633"]
[BlackElo "2245"]
[TimeControl "180+1"]
[EndTime "9:06:53 PST"]
[Termination "Witik won by resignation"]

1. d4 Nf6 2. c4 e6 3. Nf3 Bb4+ 4. Nbd2 O-O 5. e3 d5 6. a3 Be7 7. b4 a5 8. b5 dxc4 9. Nxc4 Nbd7 10. Bd3 c6 11.
bxc6 bxc6 12. O-O c5 13. Bb2 Ba6 14. Qe2 Bxc4 15. Bxc4 cxd4 16. Nxd4 Nb6 17. Bb5 Nbd5 18.
Nc6 Qd6 19. Be5 Qc5 20. Rfc1 Qb6 21. e4 Bc5 22. exd5 Nxd5 23. Qg4 Bxf2+ 24. Kh1 g6 25.
Qf3 Be3 26. Qxd5 f6 27. Qxe6+ Rf7 28. Bc4 Rf8 29. Qxf6 1-0

[Event "*** Titled Tuesday Blitz"]
[Site "Chess.com"]
[Date "2020.03.03"]
[Round "1"]
[White "suyu28"]
[Black "FairChess_on_YouTube"]
[Result "1-0"]
[WhiteElo "2568"]
[BlackElo "3046"]
[TimeControl "180+1"]
[EndTime "9:06:54 PST"]
[Termination "suyu28 won by resignation"]

1. d4 Nf6 2. c4 e6 3. Nc3 Bb4 4. Qc2 c5 5. dxc5 O-O 6. Nf3 Na6 7. a3 Bxc3+ 8. Qxc3 Nxc5 9. e3 b6 10. Be2 Bb7 11.
O-O Rc8 12. b4 Nce4 13. Qb3 d5 14. Bb2 Ng4 15. h3 dxc4 16. Bxc4 Ng5 17. Nxg5 Qxg5 18.
f4 Qg6 19. Bd3 Be4 20. Bxe4 Qxe4 21. hxg4 Rc2 22. Rf2 Rfc8 23. Raf1 h6 24. Bd4 Kh7 25. Qb1 f5 26. gxf5 exf5 27. Rxc2 Rxc2 28. Rf2 1-0

[Event "*** Titled Tuesday Blitz"]
[Site "Chess.com"]
[Date "2020.03.03"]
[Round "1"]
[White "littleozy"]
[Black "Pultis"]
[Result "0-1"]
[WhiteElo "2433"]
[BlackElo "2785"]
[TimeControl "180+1"]
[EndTime "9:06:54 PST"]
[Termination "Pultis won by resignation"]

1. d4 Nf6 2. Nf3 g6 3. g3 Bg7 4. Bg2 O-O 5. O-O d5 6. b3 a5 7.
Bb2 a4 8. c4 c6 9. Ne5 Bf5 10.
cxd5 cxd5 11. bxa4 Ne4 12. Nc3 Qa5 13. Nxe4 dxe4 14. g4 Be6 15. Bxe4 Nc6 16. d5 Nxe5 17. dxe6 f5 18. gxf5 gxf5 19. Bg2 f4 20. Qd5 f3 21. Qxa5 Rxa5 22. exf3 Ng6 23. Bxg7 Kxg7 24. Rab1 Rxa4 25.
Rxb7 Rxa2 26. Rxe7+ Nxe7 27. Rd1 Kf6 28. Rd7 Ra1+ 29.
Bf1 Rg8+ 0-1